 Dungeon Crawl Stone Soup version 0.30.1-11-g7821555f0a (webtiles) character file.

Game seed: 10411477507615738595

894 GordonOverkill the Covert (level 7, -2/36 HPs)
             Began as a Spriggan Delver on Jan 17, 2024.
             Was a Follower of Nemelex Xobeh.
             Killed from afar by a steam dragon (13 damage)
             ... with a ball of steam
             ... on level 7 of the Dungeon.
             The game lasted 00:13:57 (3603 turns).

GordonOverkill the Covert (Spriggan Delver)         Turns: 3603, Time: 00:13:57

Health: -2/36      AC:  3    Str:  8    XL:     7   Next: 78%
Magic:  14/14      EV: 18    Int: 13    God:    Nemelex Xobeh [*.....]
Gold:   344        SH:  0    Dex: 17    Spells: 6/14 levels left

rFire   . . .        s - +5 hand axe
rCold   . . .        (no shield)
rNeg    . . .        b - +1 robe
rPois   .            (helmet restricted)
rElec   .            (no cloak)
rCorr   .            (gloves unavailable)
SInv    +            (boots unavailable)
Will    ++...        e - amulet of regeneration
Stlth   ++++         l - ring of willpower
HPRegen 1.06/turn    (no ring)
MPRegen 0.14/turn

%: no passive effects
@: mighty, hasted, very quick
A: very small, no large weapons, unfitting armour, see invisible, speed 3
a: Renounce Religion, Draw Escape, Draw Destruction, Draw Summoning


You were on level 7 of the Dungeon.
You worshipped Nemelex Xobeh.
Nemelex Xobeh was aware of your devotion.
You visited 1 branch of the dungeon, and saw 3 of its levels.
You also visited: Ossuary.

You collected 344 gold pieces.

Inventory:

Hand Weapons
 a - a +0 short sword
 o - a +1 shortbow
 r - a +2 trident
 s - a +5 hand axe (weapon)
Missiles
 k - 4 poisoned darts (quivered)
Armour
 b - a +1 robe (worn)
Jewellery
 e - an amulet of regeneration (around neck)
 l - a ring of willpower (left hand)
Wands
 g - a wand of digging (3)
Scrolls
 c - a scroll of fog
 d - a scroll of magic mapping
Potions
 f - a potion of haste
 h - 8 potions of curing {unknown}
 j - 3 potions of heal wounds {unknown}
 p - a potion of resistance
 t - 3 potions of berserk rage {unknown}
 u - 2 potions of cancellation {unknown}
 w - a potion of magic
 x - 2 potions of attraction


   Skills:
 - Level 3.0 Fighting
 - Level 3.0 Short Blades
 - Level 1.0 Throwing
 - Level 3.0 Dodging
 - Level 8.0 Stealth
 + Level 4.3 Spellcasting
 - Level 5.0 Ice Magic
 - Level 3.0 Invocations


You had 6 spell levels left.
You knew the following spells:

 Your Spells              Type           Power      Damage    Failure   Level
a - Ozocubu's Armour      Ice            15%        N/A       8%          3
b - Metabolic Englaciati  Hex/Ice        4%         N/A       89%         5

Your spell library contained the following spells:

 Spells                   Type           Power      Damage    Failure   Level
 Simulacrum               Ice/Necr       4%         N/A       100%        6


Dungeon Overview and Level Annotations

Branches:
Dungeon (7/15)             Temple (0/1) D:6         Ossuary (visited)

Altars:
Cheibriados
Fedhas
Gozag
Hepliaklqana
Makhleb
Nemelex Xobeh
Qazlal
Ru


Innate Abilities, Weirdness & Mutations

You are very small and have problems with some larger weapons.
You are too small for most types of armour.
You have supernaturally acute eyesight. (SInv)
You cover ground extremely quickly. (Speed+++)


Message History

Okay, then.
Unknown command.
This spell is astonishingly dangerous to cast!
Memorise Metabolic Englaciation, consuming 5 spell levels and leaving 6?
You start memorising the spell.
You continue memorising. x5
You finish memorising.
Spell assigned to 'b'.
Unknown command.
Unknown command.
Unknown command.
A steam dragon is nearby!
A steam dragon is nearby!
A steam dragon is nearby!
A steam dragon is nearby!
Okay, then.
You feel very mighty all of a sudden.
s - a +5 hand axe (weapon)
The steam dragon hisses angrily.
The steam dragon breathes steam at you. The ball of steam hits you!!
Ouch! That really hurt!
* * * LOW HITPOINT WARNING * * *
You slash the steam dragon!
The steam dragon is moderately wounded.
The steam dragon bites you.
* * * LOW HITPOINT WARNING * * *
The steam dragon closely misses you.
You feel yourself speed up.
You are engulfed in a cloud of scalding steam.
The steam dragon completely misses you. The steam dragon claws you.
* * * LOW HITPOINT WARNING * * *
The steam dragon misses you. The steam dragon closely misses you.
You closely miss the steam dragon.
The steam dragon is moderately wounded.
The steam dragon barely misses you. The steam dragon closely misses you.
You slash the steam dragon!
The steam dragon is severely wounded.
The steam dragon breathes steam at you. The ball of steam hits you!
You die...
Your body disappears without a glow.

#..# ##...
#..########..
............
####........##...
##..#..#### ##....
#.....# ##.....
#....## ##......
##.....## ##......#
#.@.....###......##
#..D....##......##
##...............# #
#§§.............####
#...............##..
#§.............##...
#...§..........#....
##.§..........##....
###..........##....


You could see a steam dragon (catching breath).

Vanquished Creatures
  A water moccasin (D:6)
  A sky beast (D:6)
  A centaur (D:6)
  A bullfrog (D:7)
  A scorpion (D:7)
  4 wights (D:6)
  A howler monkey (D:6)
  A hound (D:6)
  An orc priest (D:6)
  A jelly (D:7)
  An iguana (D:6)
  9 mummies
  An adder (D:6)
  4 orcs
  3 hobgoblin zombies (Ossuary)
  3 kobold zombies (Ossuary)
  2 orc zombies (Ossuary)
36 creatures vanquished.

Notes
Turn   | Place    | Note
-------+----------+-------------------------------------------
     0 | D:5      | GordonOverkill the Spriggan Delver began the quest for the
                  | Orb.
     0 | D:5      | Reached XP level 1. HP: 11/11 MP: 2/2
    75 | D:6      | Noticed a wight
    75 | D:6      | Noticed a wight
    75 | D:6      | Noticed a wight
    75 | D:6      | Noticed a wight
   138 | D:6      | Found a sacrificial altar of Ru.
   143 | D:6      | Found a sparkling altar of Nemelex Xobeh.
   147 | D:6      | Became a worshipper of Nemelex Xobeh the Trickster
   175 | D:6      | Found a burning altar of Makhleb.
   175 | D:6      | Found a snail-covered altar of Cheibriados.
   234 | D:6      | Noticed an orc priest
   460 | D:6      | Noticed a centaur
   463 | D:6      | Killed a centaur
   464 | D:6      | Reached skill level 1 in Throwing
   464 | D:6      | Reached skill level 8 in Stealth
   464 | D:6      | Reached skill level 1 in Spellcasting
   464 | D:6      | Reached XP level 2. HP: 16/16 MP: 3/5
   464 | D:6      | Reached XP level 3. HP: 20/20 MP: 3/6
   464 | D:6      | Reached XP level 4. HP: 24/24 MP: 3/7
   846 | D:6      | Found a staircase to the Ecumenical Temple.
   861 | D:6      | Learned a level 3 spell: Ozocubu's Armour
   872 | D:6      | Found an opulent altar of Gozag.
  1133 | D:6      | Reached XP level 5. HP: 28/28 MP: 10/10
  1199 | D:6      | Reached skill level 1 in Ice Magic
  1243 | D:6      | Found a hazy altar of Hepliaklqana.
  1247 | D:6      | Found a stormy altar of Qazlal.
  1252 | D:6      | Found a blossoming altar of Fedhas.
  1932 | D:6      | Reached XP level 6. HP: 32/32 MP: 11/11
  1989 | D:6      | Reached skill level 1 in Invocations
  2111 | D:7      | Found a sand-covered staircase.
  2119 | Ossuary  | Entered an ossuary
  2666 | D:7      | Noticed a sky beast
  2726 | D:6      | Killed a sky beast
  2727 | D:6      | Reached XP level 7. HP: 36/36 MP: 12/12
  2790 | D:7      | Noticed a steam dragon
  3216 | D:6      | Reached skill level 5 in Ice Magic
  3281 | D:7      | Reached * piety under Nemelex Xobeh
  3572 | D:7      | Learned a level 5 spell: Metabolic Englaciation
  3603 | D:7      | Killed from afar by a steam dragon

Illustrated notes

Levels and vault maps discovered:
D:5:      layout_cave_pools, st_stairs_11, uniq_ijyb, uniq_blork_the_orc,
          uniq_edmund
D:6:      layout_loops_corners, grunt_gozag_statues,
          chequers_temple_overflow_statue_of_worship,
          mainiacjoe_overflow_big_doors, grunt_temple_overflow_diamond,
          minmay_temple_entry_offerings
D:7:      layout_cave_pods, gup_ossuary_entry_pyramid

Skill      XL: |  1  2  3  4  5  6  7 |
---------------+----------------------+-----
Fighting       | 3 |  3.0
Throwing       | 1 |  1.0
Short Blades   | 3 |  3.0
Dodging        | 3 |  3.0
Stealth        | 8 |  8.0
Spellcasting   | 1 3 4 |  4.3
Ice Magic      | 3 4 5 |  5.0
Invocations    | 3 |  3.0

Action                     |  1- 3 |  4- 6 |  7- 9 || total
---------------------------+-------+-------+-------++-------
  Melee: Short sword       |     4 |     2 |     1 ||     7
         Hand axe          |       |    29 |    12 ||    41
         Punch             |       |       |     1 ||     1
   Fire: Shortbow          |       |   154 |    39 ||   193
  Throw: Dart              |     7 |     4 |       ||    11
   Cast: Ozocubu's Armour  |       |     2 |     1 ||     3
    Use: Scroll            |       |     7 |     3 ||    10
         Potion            |       |       |     2 ||     2
   Stab: Sleeping          |     1 |     2 |     1 ||     4
 Armour: Robe              |       |     2 |     6 ||     8
  Dodge: Dodged            |     2 |    39 |    32 ||    73
